Map: Mech Depot LE

Players

VampyWorm

  • Race: Protoss Protoss
  • League: Master
  • Spawn Location: 7:00

FarmCakes - Winner!

  • Race: Zerg Zerg
  • League: Master
  • Spawn Location: 1:00

VOD

https://go.twitch.tv/videos/186074637

Description

Time

  • Played on: Oct. 28, 2017, 12:48 p.m.
  • Length: 9:24
Show
View Real Time Build Order
Export as new Build Order

VampyWorm Protoss 

Build Orders: Zealot Archon 

Get SALT Encoding   

  12  0:01  Probe (Chrono Boost)  
  13  0:11  Probe (Chrono Boost)  
  14  0:22  Probe (Chrono Boost)  
  14  0:27  Pylon  
  15  0:45  Probe (Chrono Boost)  
  16  0:56  Probe (Chrono Boost)  
  17  1:13  Nexus  
  17  1:15  Gateway  
  17  1:18  Assimilator  
  17  1:20  Probe (Chrono Boost)  
  18  1:30  Gateway  
  18  1:35  Assimilator  
  18  1:39  Probe (Chrono Boost)  
  19  1:49  Probe (Chrono Boost)  
  20  2:00  Probe (Chrono Boost)  
  21  2:10  Probe (Chrono Boost)  
  21  2:13  Cybernetics Core  
  22  2:21  Probe (Chrono Boost)  
  23  2:26  Probe (Chrono Boost)  
  23  2:31  Probe (Chrono Boost)  
  23  2:35  Pylon  
  23  2:36  Probe (Chrono Boost)  
  25  2:39  Pylon  
  25  2:43  Warp Gate (Chrono Boost)  
  25  2:49  Adept x2 (Chrono Boost)  
  29  2:54  Mothership Core  
  31  3:03  Twilight Council  
  31  3:18  Adept (Chrono Boost), Stalker (Chrono Boost)  
  35  3:28  Probe  
  35  3:33  Probe  
  37  3:40  Probe  
  38  3:46  Resonating Glaives (Chrono Boost)  
  38  3:48  Robotics Facility  
  38  3:53  Probe  
  38  3:54  Pylon  
  39  4:02  Probe  
  40  4:05  Probe  
  41  4:10  Pylon  
  41  4:14  Assimilator, Probe  
  42  4:17  Probe  
  43  4:26  Probe  
  43  4:29  Probe  
  43  4:38  Warp Prism (Chrono Boost), Probe  
  44  4:39  Gateway  
  44  4:41  Gateway, Probe  
  47  4:50  Probe  
  48  4:53  Assimilator, Probe  
  49  5:02  Probe  
  49  5:05  Probe  
  49  5:14  Probe  
  49  5:18  Probe  
  49  5:19  Observer (Chrono Boost)  
  52  5:26  Probe  
  53  5:30  Probe  
  53  5:31  Adept x2  
  58  5:37  Adept x2  
  58  5:38  Probe  
  58  5:42  Probe  
  64  5:45  Nexus  
  64  5:47  Pylon  
  64  5:48  Pylon  
  64  5:52  Probe (Chrono Boost)  
  64  5:54  Probe (Chrono Boost)  
  65  5:58  Templar Archives  
  65  6:00  Adept x2  
  70  6:04  Probe (Chrono Boost)  
  70  6:05  Observer, Adept x2  
  70  6:09  Probe (Chrono Boost)  
  73  6:16  Probe (Chrono Boost)  
  70  6:20  Probe (Chrono Boost)  
  69  6:26  Immortal  
  69  6:29  Robotics Facility, Probe (Chrono Boost)  
  69  6:31  Probe (Chrono Boost)  
  76  6:41  Probe x2 (Chrono Boost)  
  77  6:47  Pylon  
  77  6:49  Pylon  
  77  6:51  Charge  
  77  6:52  Probe (Chrono Boost)  
  77  6:53  Probe (Chrono Boost)  
  79  6:56  Adept x3  
  79  6:57  Adept  
  87  7:05  Probe (Chrono Boost)  
  87  7:06  Probe (Chrono Boost)  
  89  7:09  Immortal  
  89  7:13  Probe (Chrono Boost)  
  89  7:17  Probe x2 (Chrono Boost)  
  89  7:20  Assimilator  
  89  7:21  Immortal, Assimilator  
  84  7:24  High Templar x2  
  84  7:25  High Templar x2  
  84  7:29  Archon x2  
  92  7:35  Probe (Chrono Boost)  
  93  7:38  Gateway x2  
  93  7:39  Probe (Chrono Boost)  
  93  7:42  Probe (Chrono Boost)  
  87  7:46  Probe (Chrono Boost)  
  92  7:51  Immortal  
  92  7:58  High Templar  
  94  8:00  Immortal, Zealot  
  94  8:01  Zealot x2  
  102  8:08  Probe (Chrono Boost)  
  103  8:23  Pylon  
  103  8:26  Nexus  
  103  8:28  Pylon  
  103  8:30  Immortal  
  103  8:33  Forge  
  107  8:35  Forge  
  107  8:37  High Templar  
  107  8:38  High Templar, Zealot  
  107  8:39  Zealot x2  
  121  8:41  Immortal  
  121  8:42  Archon  
  121  8:43  Zealot  
  121  9:03  Adept x2  
  121  9:04  Zealot x2  
  120  9:10  Probe (Chrono Boost)  
  120  9:12  Zealot x2  
Show
View Real Time Build Order
Export as new Build Order

FarmCakes Zerg - Winner!

Build Orders: Hatch First 

Get SALT Encoding   

  12  0:00  Drone  
  13  0:08  Drone  
  14  0:17  Overlord  
  14  0:22  Extractor  
  14  0:23  Drone  
  15  0:35  Drone x2  
  17  0:51  Hatchery  
  17  0:55  Drone  
  17  0:59  Drone  
  18  1:09  Extractor  
  17  1:14  Spawning Pool  
  17  1:16  Drone  
  17  1:19  Drone  
  18  1:27  Drone  
  19  1:37  Overlord  
  19  2:00  Queen  
  19  2:01  Zergling x4  
  23  2:03  Drone, Queen  
  26  2:09  Metabolic Boost  
  26  2:10  Drone  
  27  2:16  Drone  
  27  2:21  Drone  
  29  2:25  Drone  
  30  2:31  Drone  
  31  2:41  Hatchery  
  30  2:46  Pneumatized Carapace  
  31  2:51  Drone x2  
  31  2:56  Overlord  
  31  2:58  Drone  
  33  3:01  Drone  
  34  3:07  Zergling x2  
  34  3:10  Zergling x2  
  36  3:19  Drone x6  
  42  3:25  Drone  
  41  3:32  Zergling x2, Evolution Chamber  
  41  3:35  Queen  
  41  3:40  Overlord x2  
  43  3:53  Drone x3  
  46  3:58  Drone x2  
  46  4:00  Zergling x4  
  50  4:03  Zergling x2  
  50  4:09  Zerg Melee Weapons Level 1  
  51  4:11  Zergling x6  
  51  4:15  Drone  
  55  4:23  Drone x5  
  60  4:27  Drone x4  
  63  4:40  Extractor, Drone x2  
  63  4:41  Roach Warren, Drone  
  64  4:48  Hatchery  
  64  4:49  Lair  
  64  4:50  Drone x2  
  64  4:51  Drone x2  
  66  4:55  Overlord  
  66  4:56  Overlord  
  66  5:02  Spore Crawler x2  
  66  5:04  Spore Crawler  
  66  5:07  Drone x4  
  66  5:21  Roach x5  
  74  5:26  Drone  
  77  5:28  Drone x3  
  77  5:30  Extractor  
  77  5:32  Roach  
  77  5:34  Overlord x3  
  77  5:35  Overlord  
  80  5:39  Extractor  
  79  5:43  Roach  
  79  5:44  Overlord x2  
  79  5:48  Glial Reconstitution  
  81  5:54  Roach, Zergling x10  
  88  6:00  Roach x2  
  88  6:03  Zergling x6  
  88  6:04  Zergling x4  
  97  6:11  Roach  
  96  6:13  Zergling x6  
  96  6:17  Roach  
  95  6:23  Zerg Melee Weapons Level 2  
  95  6:25  Drone x3  
  98  6:31  Extractor, Drone x8  
  98  6:32  Drone  
  106  6:35  Extractor  
  105  6:41  Overseer  
  105  6:42  Overlord x2  
  105  6:45  Hydralisk Den  
  104  6:47  Hatchery  
  104  6:48  Drone x2  
  104  6:51  Drone  
  104  6:53  Drone x2  
  108  6:57  Zergling x4  
  110  7:04  Zergling x6  
  110  7:05  Zergling x14  
  120  7:09  Zergling x2  
  120  7:10  Zergling x4  
  120  7:15  Muscular Augments  
  121  7:16  Hydralisk x2  
  121  7:19  Queen  
  126  7:28  Drone  
  126  7:29  Baneling Nest  
  126  7:30  Drone x3  
  126  7:31  Drone x2  
  126  7:32  Extractor  
  126  7:36  Hydralisk  
  123  7:49  Hydralisk x5  
  123  7:50  Hydralisk x5  
  142  7:56  Overlord  
  142  7:57  Hydralisk x2  
  142  7:58  Hydralisk x3  
  148  8:03  Hydralisk x2  
  152  8:13  Hydralisk x2  
  152  8:17  Drone x8  
  152  8:18  Extractor  
  163  8:24  Drone  
  163  8:25  Zergling x4  
  163  8:26  Infestation Pit, Zergling x2  
  166  8:31  Hatchery  
  166  8:34  Spine Crawler  
  164  8:35  Spine Crawler x2, Spore Crawler  
  164  8:37  Drone x2  
  164  8:39  Spine Crawler  
  162  8:47  Baneling x10  
  162  8:48  Baneling, Evolution Chamber  
  162  8:54  Baneling x2  
  162  8:55  Baneling x6  
  159  9:03  Baneling  
  159  9:04  Baneling x5  
Tags
 
Composition
Zealot Archon
Matchup
PvZ
Replay Pack
MidWestLAN19 SC2
Spawn Locations
Cross Positions
Add a new tag
Caveats
  • Supply blocks, unpowered buildings, or Contaminate may cause inaccurate times.
  • Supply counts are checked every 10 seconds.